 Dungeon Crawl Stone Soup version 0.31-a0-121-g1e386dd289 (webtiles) character file.

Game seed: 12147284633885491143

1227 sanka the Geomancer (level 8, -3/42 HPs)
             Began as a Kobold Earth Elementalist on May 31, 2023.
             Slain by a gnoll sergeant
             ... wielding a +0 heavy trident
              (12 damage)
             ... on level 6 of the Dungeon.
             The game lasted 00:08:57 (6788 turns).

sanka the Geomancer (Kobold Earth Elementalist)     Turns: 6788, Time: 00:08:57

Health: -3/42      AC:  7    Str:  5    XL:     8   Next: 76%
Magic:  6/12       EV: 15    Int: 18    God:
Gold:   20         SH:  0    Dex: 16    Spells: 7/13 levels left

rFire   . . .        r - +7 trident of the Thieving Wasp {freeze, *Rage rElec rPois rN++}
rCold   . . .        (shield currently unavailable)
rNeg    + + .        a - +0 robe
rPois   +            h - +0 helmet
rElec   +            i - +0 cloak
rCorr   .            (no gloves)
SInv    .            v - +2 pair of boots
Will    .....        (no amulet)
Stlth   +++          (no ring)
HPRegen 0.27/turn    (no ring)
MPRegen 0.13/turn

%: random rage (20%)
@: no status effects
A: small, no large weapons, nightstalker 3
a: no special abilities


You were on level 6 of the Dungeon.
You visited 1 branch of the dungeon, and saw 6 of its levels.

You collected 276 gold pieces.
You spent 256 gold pieces at shops.


Innate Abilities, Weirdness & Mutations

You are small and have problems with some larger weapons.
You are completely attuned to the shadows.


   Skills:
 + Level 0.7 Fighting
 + Level 2.7 Dodging
 - Level 2.6 Stealth
 - Level 3.0 Spellcasting
 - Level 6.0 Conjurations
 - Level 1.0 Transmutations
 - Level 8.0 Earth Magic


You had 7 spell levels left.
You knew the following spells:

 Your Spells              Type           Power      Damage    Failure   Level
x - Stone Arrow           Conj/Erth      54%        3d10      2%          3
z - Sandblast             Erth           62%        2d14      1%          1
N - Passwall              Tmut/Erth      15%        N/A       3%          2

Your spell library contained the following spells:

 Spells                   Type           Power      Damage    Failure   Level
 Petrify                  Tmut/Erth      18%        N/A       26%         4
 Vhi's Electric Charge    Tloc/Air       4%         N/A       43%         3
 Arcjolt                  Conj/Air       6%         1d16      78%         5
 Maxwell's Capacitive Co  Air            1%         ∞         100%        8

Inventory:

Hand Weapons
 l - a +0 orcbow
 r - the +7 trident of the Thieving Wasp (weapon) {freeze, *Rage rElec rPois rN++} rElec: It insulates you from electricity. rPois: It protects you from poison. rN: It greatly protects you from negative energy. *Rage: It berserks you when you make melee attacks (+20% chance).
Missiles
 p - 6 curare-tipped darts {=f}
Armour
 a - a +0 robe (worn)
 h - a +0 helmet (worn)
 i - a +0 cloak (worn)
 v - a +2 pair of boots (worn)
Jewellery
 o - a ring of fire
Scrolls
 d - 2 scrolls of enchant weapon
 g - a scroll of vulnerability {unknown}
 j - 2 scrolls of noise {!r}
 k - a scroll of fog
 m - 2 scrolls of enchant armour
 n - a scroll of teleportation {@r4}
 t - a scroll of fear
Potions
 b - a potion of lignification {unknown}
 c - a potion of curing {unknown}
 e - a potion of haste {@q3}
 f - 2 potions of heal wounds {@q2}
 q - a potion of resistance {unknown}
 u - a potion of enlightenment {unknown}

Dungeon Overview and Level Annotations

Branches:
Dungeon (6/15)
 Temple: D:4-7

Altars:
Ashenzari
Dithmenos
Okawaru
Sif Muna

Shops:
D:5 *?[[

Annotations:
D:4 2 transporters, senseless's ghost, amateur DsFi
D:5 2 transporters

▒............. ▒..........
▒▒▒▒..▒▒▒... ▒.........
▒.▒▒..▒▒▒.▒ ▒.▒▒..▒ ▒.▒
▒.▒▒..▒ ▒.▒ ▒.▒▒..▒ ▒.▒
▒▒.....▒▒▒K▒▒▒
▒............▒
▒.▒▒▒..▒▒▒g▒g▒▒▒▒ ▒.▒....▒
▒......▒ ▒.▒..
▒.▒.▒▒.▒▒▒▒▒.▒▒.▒▒▒▒▒.▒.▒
▒.▒.▒▒.....▒.▒▒....▒▒.▒.▒
▒.▒.▒▒.▒▒▒.▒.▒▒▒▒▒.▒▒.▒.▒▒.
▒)▒.▒▒.▒............[......
▒.▒.▒▒.▒......(.<....[▒....


You could see a gnoll sergeant and a gnoll.


Message History

HP restored.
You climb downwards.
There is a stone staircase leading up, spattered with blood here.
Unknown command.
A gnoll sergeant is nearby!
The blast of sand hits the gnoll sergeant.
The gnoll sergeant is lightly wounded.
The blast of sand hits the gnoll sergeant but does no damage.
The gnoll sergeant is lightly wounded.
The gnoll sergeant hits you from afar with a +0 heavy trident!
The blast of sand hits the gnoll sergeant.
The gnoll sergeant is moderately wounded.
The gnoll sergeant hits you from afar with a +0 heavy trident!
The blast of sand hits the gnoll sergeant!
The gnoll sergeant is heavily wounded.
The gnoll sergeant closely misses you.
The blast of sand hits the gnoll sergeant.
The gnoll sergeant is heavily wounded.
The gnoll sergeant barely misses you.
The blast of sand hits the gnoll sergeant but does no damage.
The gnoll sergeant is heavily wounded.
The gnoll sergeant hits you from afar with a +0 heavy trident!!
* * * LOW HITPOINT WARNING * * *
The gnoll shouts!
The blast of sand hits the gnoll sergeant but does no damage.
The gnoll sergeant is heavily wounded.
You hear a shout!
You hear a shout!
The gnoll sergeant hits you from afar with a +0 heavy trident!
You die...

Action                     |  1- 3 |  4- 6 |  7- 9 || total
---------------------------+-------+-------+-------++-------
  Melee: Flail             |       |     2 |       ||     2
         Trident           |       |       |     3 ||     3
   Fire: Orcbow            |       |     2 |       ||     2
   Cast: Sandblast         |    46 |    92 |    79 ||   217
         Stone Arrow       |       |     3 |     6 ||     9
    Use: Potion            |       |     4 |       ||     4
         Scroll            |       |       |     5 ||     5
 Armour: Robe              |     1 |     8 |    13 ||    22
  Dodge: Dodged            |     6 |    44 |    41 ||    91

Levels and vault maps discovered:
D:1:      amcnicky_arrival_blooded_trapdoor, layout_basic,
          minmay_misc_feat_hallway
D:2:      layout_basic, shapermc_ecumenical_altar_pompeii, uniq_terence
D:3:      layout_loops_ring, minmay_checkerbox
D:4:      layout_cave_pods, kennysheep_little_box,
          nicolae_overflow_hidden_temple, gammafunk_ghost_smash, serial_park,
          serial_park_tiny_2, serial_park_tiny_2, serial_park_tiny_1
D:5:      layout_loops_ring, mainiacjoe_overflow_brackets,
          ashenzari_conservatory_becter, serial_shops,
          nicolae_shop_behind_doors, shop, nicolae_shop_drivethru, shop,
          nicolae_shop_just_a_little_nook
D:6:      layout_loops_ring, serial_bayou_pond_c

Notes
Turn   | Place    | Note
-------+----------+-------------------------------------------
     0 | D:1      | sanka the Kobold Earth Elementalist began the quest for the
                  | Orb.
     0 | D:1      | Reached XP level 1. HP: 10/10 MP: 3/3
   223 | D:1      | Reached XP level 2. HP: 15/15 MP: 3/5
   293 | D:1      | Learned a level 2 spell: Passwall
   671 | D:1      | Reached XP level 3. HP: 19/19 MP: 4/7
   703 | D:1      | Learned a level 3 spell: Stone Arrow
   839 | D:1      | Reached skill level 3 in Spellcasting
  1509 | D:2      | Found a faded altar of an unknown god.
  1654 | D:2      | Reached skill level 1 in Conjurations
  1660 | D:2      | Reached XP level 4. HP: 15/24 MP: 2/8
  1661 | D:2      | Reached skill level 4 in Earth Magic
  1921 | D:2      | Noticed Terence
  1995 | D:2      | Killed Terence
  1996 | D:2      | Reached skill level 2 in Conjurations
  2111 | D:2      | Reached XP level 5. HP: 28/28 MP: 6/9
  3311 | D:3      | Identified the +7 trident of the Thieving Wasp {freeze,
                  | *Rage rElec rPois rN++}
  3907 | D:4      | Reached skill level 3 in Conjurations
  3907 | D:4      | Reached XP level 6. HP: 32/32 MP: 2/10
  4044 | D:4      | Found a transporter.
  4047 | D:4      | Identified the +1 great mace of an ossuary {freeze, Fragile
                  | Will+++ MP+9 Str-3}
  4047 | D:4      | Noticed an ogre
  4050 | D:4      | Noticed senseless's ghost (amateur DsFi)
  4051 | D:4      | Found a transporter.
  4150 | D:4      | Found a shadowy altar of Dithmenos.
  4251 | D:4      | Found a shimmering blue altar of Sif Muna.
  4518 | D:4      | Reached skill level 5 in Earth Magic
  4660 | D:5      | Entered Level 5 of the Dungeon
  4785 | D:5      | Reached skill level 4 in Conjurations
  4785 | D:5      | Reached XP level 7. HP: 36/36 MP: 5/11
  4974 | D:5      | Reached skill level 6 in Earth Magic
  5140 | D:5      | Found Paano's Antique Armour Boutique.
  5215 | D:5      | Found Ytocor's Armour Emporium.
  5290 | D:5      | Found an iron altar of Okawaru.
  5386 | D:5      | Reached skill level 5 in Conjurations
  5529 | D:5      | Found Puheolahao's Magic Scroll Boutique.
  5551 | D:5      | Reached XP level 8. HP: 41/41 MP: 2/12
  5695 | D:5      | Found Etteuwubb's General Store.
  5845 | D:5      | Found a transporter.
  5871 | D:5      | Found a broken altar of Ashenzari.
  5878 | D:5      | Reached skill level 7 in Earth Magic
  6046 | D:5      | Reached skill level 6 in Conjurations
  6139 | D:5      | Found a transporter.
  6210 | D:5      | Bought a pair of embroidered boots for 217 gold pieces
  6250 | D:5      | Bought a scroll of identify for 26 gold pieces
  6250 | D:5      | Bought a scroll of noise for 13 gold pieces
  6510 | D:6      | Reached skill level 8 in Earth Magic
  6788 | D:6      | Slain by a gnoll sergeant

Vanquished Creatures
  A black bear (D:5)
  A sky beast (D:6)
  An orc warrior (D:6)
  An ogre (D:5)
  A centaur (D:5)
  2 phantoms (D:5)
  A jelly (D:5)
  4 hounds
  An orc priest (D:5)
  4 iguanas
  Terence (D:2)
  2 sleepcaps
  An orc wizard (D:5)
  12 gnolls
  3 adders
  A shadow imp (D:6)
  A dart slug (D:5)
  6 orcs
  4 ball pythons
  8 endoplasms
  4 giant cockroaches (D:1)
  6 goblins
  4 hobgoblins
  10 jackals
  2 quokkas
  4 bats
  5 frilled lizards
  5 kobolds
  7 rats
103 creatures vanquished.
